 Dungeon Crawl Stone Soup version 0.29.1-12-g30fa7ad0bf (webtiles) character file.

Game seed: 9360203627250878730

473 fantasyman the Shield-Bearer (level 7, -6/54 HPs)
             Began as a Formicid Fighter on Dec 21, 2022.
             Mangled by an ogre
             ... wielding a +0 giant spiked club
              (20 damage)
             ... on level 5 of the Dungeon.
             The game lasted 00:07:27 (5013 turns).

fantasyman the Shield-Bearer (Formicid Fighter)     Turns: 5013, Time: 00:07:28

Health: -6/54      AC:  7    Str: 21    XL:     7   Next: 32%
Magic:  7/7        EV:  9    Int:  7    God:
Gold:   195        SH:  5    Dex: 15    Spells: 6/6 levels left

rFire   . . .      SeeInvis +   a - +0 war axe (elec)
rCold   . . .      Faith    .   c - +0 buckler
rNeg    . . .      Spirit   .   b - +0 scale mail
rPois   +          Reflect  .   (helmet unavailable)
rElec   .          Harm     .   (no cloak)
rCorr   .          Rampage  .   (no gloves)
Will    .....                   (no boots)
Stlth   +.........              (no amulet)
HPRegen 0.18/turn               l - ring of poison resistance
MPRegen 0.10/turn               (no ring)

@: no status effects
A: permanent stasis, dig shafts and tunnels, antennae 3, four strong arms, claws
1, devolution 1
a: Dig, Shaft Self


You were on level 5 of the Dungeon.
You visited 1 branch of the dungeon, and saw 5 of its levels.
You also visited: Sewer.

You collected 195 gold pieces.

Inventory:

Hand Weapons
 a - a +0 war axe of electrocution (weapon)
Armour
 b - a +0 scale mail (worn)
 c - a +0 buckler (worn)
Jewellery
 l - a ring of poison resistance (left claw)
Scrolls
 e - 2 scrolls of identify
 i - 2 scrolls of enchant armour
 j - a scroll of noise
Potions
 d - a potion of might
 h - 3 potions of curing
 k - a potion of magic
 n - a potion of attraction


   Skills:
 * Level 4.1 Fighting
 * Level 5.1 Axes
 * Level 4.9 Armour
 * Level 2.5 Stealth
 * Level 5.3 Shields


You had 6 spell levels left.
You didn't know any spells.
Your spell library was empty.

Dungeon Overview and Level Annotations

Branches:
Dungeon (5/15)              Sewer (visited)
 Temple: D:4-7

Altars:

Shops:
D:1 !

Annotations:
D:3 2 transporters, safid's ghost, amateur MiHu
D:4 Dowan; Duvessa


Innate Abilities, Weirdness & Mutations

You cannot be hasted, slowed, berserked, paralysed or teleported.
You can dig through walls and to a lower floor.
You have a pair of large antennae on your head. (SInv)
Your four strong arms can wield two-handed weapons with a shield.
You have sharp fingernails.
You have hidden genetic defects.


Message History

You start waiting.
Done waiting.
You start waiting.
Done waiting.
You see here a potion of mutation.
f - a potion of mutation You feel extremely strange.
You feel clever.
You feel a hidden malignance growing inside you.
Your fingernails lengthen.
You drop a potion of berserk rage.
You drop a scroll of vulnerability.
e - 2 scrolls of identify (gained 1)
Found 5 stones.
You sense a monster nearby.
An ogre comes into view. It is wielding a +0 giant spiked club.
The ogre shouts!
You closely miss the ogre. The ogre closely misses you.
You hit the ogre. Lightning courses through the ogre!
The ogre is heavily wounded.
The ogre hits you with a +0 giant spiked club.
You barely miss the ogre.
The ogre is heavily wounded.
The ogre hits you with a +0 giant spiked club!
You barely miss the ogre.
The ogre is heavily wounded.
The ogre hits you but does no damage.
You closely miss the ogre.
The ogre is heavily wounded.
The ogre closely misses you.
You hit the ogre but do no damage.
The ogre is heavily wounded.
You hit the ogre.
The ogre is heavily wounded.
The ogre hits you with a +0 giant spiked club!!
* * * LOW HITPOINT WARNING * * *
You barely miss the ogre.
The ogre is heavily wounded.
The ogre hits you with a +0 giant spiked club!!
You die...

{ #### ######## #..
.......# #.#
##.###.########.####
#..##.##.......@O.#
##..##.##.#####.##(#
....##.##.# #... ..
.......##.# ####.###
....>.###.# #
#.........#
......##### #.....#
...####


You could see an ogre.

Vanquished Creatures
  A water moccasin (D:5)
  A scorpion (D:3)
  A jelly (D:5)
  Jessica (D:2)
  An iguana (D:5)
  An orc wizard (D:3)
  A hell rat (Sewer)
  3 adders
  3 river rats (Sewer)
  An ufetubus (D:3)
  A worm (D:3)
  8 dart slugs
  4 orcs
  11 ball pythons
  6 endoplasms
  6 giant cockroaches
  3 goblins
  10 hobgoblins
  7 jackals
  5 quokkas
  4 bats
  4 frilled lizards (D:1)
  4 kobolds
  12 rats
99 creatures vanquished.

Notes
Turn   | Place    | Note
-------+----------+-------------------------------------------
     0 | D:1      | fantasyman the Formicid Fighter began the quest for the
                  | Orb.
     0 | D:1      | Reached XP level 1. HP: 18/18 MP: 1/1
    67 | D:1      | Reached XP level 2. HP: 16/24 MP: 2/2
   457 | D:1      | Reached XP level 3. HP: 29/29 MP: 3/3
   488 | D:1      | Found Oxtook's Distillery.
  1334 | D:2      | Reached XP level 4. HP: 35/35 MP: 4/4
  1411 | D:2      | Noticed Jessica
  1414 | D:2      | Killed Jessica
  1415 | D:2      | Reached skill level 1 in Stealth
  1620 | D:2      | Gained mutation: You are dopey. (Int -2) [potion of
                  | mutation]
  1721 | D:2      | Reached XP level 5. HP: 29/41 MP: 5/5
  2219 | D:3      | Found a transporter.
  2373 | D:3      | Reached skill level 5 in Shields
  2373 | D:3      | Reached XP level 6. HP: 42/48 MP: 6/6
  2521 | D:3      | Found a glowing drain.
  2545 | Sewer    | Entered a sewer
  2873 | D:3      | Noticed safid's ghost (amateur MiHu)
  2874 | D:3      | Found a transporter.
  3046 | D:3      | Found a faded altar of an unknown god.
  3289 | D:4      | Noticed Duvessa
  3289 | D:4      | Noticed Dowan
  4195 | D:5      | Entered Level 5 of the Dungeon
  4493 | D:5      | Reached XP level 7. HP: 53/54 MP: 7/7
  4550 | D:5      | Noticed a water moccasin
  4559 | D:5      | Killed a water moccasin
  4560 | D:5      | Reached skill level 5 in Axes
  4935 | D:5      | Lost mutation: You are dopey. (Int -2) [potion of mutation]
  4935 | D:5      | Gained mutation: You have hidden genetic defects. [potion
                  | of mutation]
  4935 | D:5      | Gained mutation: You have sharp fingernails. [potion of
                  | mutation]
  5013 | D:5      | Mangled by an ogre

Illustrated notes

Levels and vault maps discovered:
D:1:      shiori_arrival_maze, layout_loops_ring, serial_shops, shop
D:2:      layout_loops_ring, uniq_jessica
D:3:      layout_basic, portal_sewer_entry_a, gammafunk_ghost_mausoleum,
          serial_curves, eino_curves_02, eino_curves_01,
          chequers_ecumenical_altar_simple
D:4:      layout_loops_ring, uniq_duvessa
D:5:      layout_loops_cross, makhleb_altar_promises_db, serial_shops, shop,
          grunt_decor_fettered, uniq_grinder

Skill      XL: |  1  2  3  4  5  6  7 |
---------------+----------------------+-----
Axes           | 3 4 5 |  5.1
Stealth        | 1 2 |  2.5
Armour         | 4 |  4.9
Shields        | 5 |  5.3
Fighting       | 4 |  4.1

Action                   |  1- 3 |  4- 6 |  7- 9 || total
-------------------------+-------+-------+-------++-------
Melee: War axe           |    81 |   169 |    15 ||   265
 Abil: Dig               |       |     2 |       ||     2
  Use: Scroll            |       |    14 |       ||    14
       Potion            |       |     5 |     1 ||     6
Armor: Scale mail        |    47 |    73 |     3 ||   123
Dodge: Dodged            |    55 |    64 |     4 ||   123
Block: Buckler           |    37 |    48 |     1 ||    86
